 Dungeon Crawl Stone Soup version 0.30-a0-808-g6e0788376e (webtiles) character file.

Game seed: 241567318714798877

575986 ragingrage the Wrestler (level 25, -8/320 HPs)
             Began as a Troll Chaos Knight on Feb 25, 2023.
             Was a Favourite Plaything of Xom.
             Mangled by a death cob (22 damage)
             ... on level 5 of the Realm of Zot.
             The game lasted 02:20:51 (63047 turns).

ragingrage the Wrestler (Troll Chaos Knight)       Turns: 63047, Time: 02:20:51

Health: -8/320     AC: 35    Str: 33    XL:     25   Next: 78%
Magic:  28/28      EV:  6    Int: 10    God:    Xom [..*...]
Gold:   3774       SH: 14    Dex: 15    Spells: 16/32 levels left

rFire   + + .      SeeInvis +      - Unarmed
rCold   + . .      Faith    .    A - +1 kite shield {AC+3}
rNeg    . . .      Spirit   .    g - +0 gold dragon scales
rPois   +          Reflect  .    y - +2 hat
rElec   +          Harm     .    k - +4 dragonskin cloak
rCorr   .          Rampage  .    (gloves unavailable)
Will    ++++.      Clarity  +    (boots unavailable) Stlth
                                 c - amulet "Tagaludd" {Acrobat Str+4 Slay+3 SInv}
HPRegen 1.53/turn                o - +4 ring of protection
MPRegen 0.21/turn                M - ring "Ikkoga" {rElec Dex+6}

@: about to teleport, hasted and slowed, studying 3 skills, unable to drink
A: large, unfitting armour, claws 3, regeneration 1, shaggy fur 1, tough skin 1,
horns 2, clarity, fire resistance 1, strong-willed 3, robust 2, weak 2, wild
magic 1, MP-powered wands, noise suppression
}: 3/15 runes: decaying, slimy, gossamer
a: Renounce Religion


You were on level 5 of the Realm of Zot.
You worshipped Xom.
You were a toy of Xom.
You visited 11 branches of the dungeon, and saw 52 of its levels.
You visited the Abyss 1 time.
You also visited: Sewer.

You collected 7542 gold pieces.
You spent 3768 gold pieces at shops.

Inventory:

Missiles
 e - 2 throwing nets
 i - 8 boomerangs
 q - 39 large rocks (quivered)
 v - 3 silver boomerangs
 C - 8 javelins
 Z - 9 curare-tipped darts
Armour
 g - +0 gold dragon scales (worn)
 k - the +4 dragonskin cloak (worn)
   (You found it on level 2 of the Realm of Zot)

   Avatar's Aegis: It grants the wearer a chance to resist fire, cold, poison,
   electricity, acid, and negative energy.
 y - a +2 hat (worn)
 A - a +1 kite shield of protection (worn)
Jewellery
 a - a ring of resist corrosion
 c - the amulet "Tagaludd" (around neck) {Acrobat Str+4 Slay+3 SInv}
   (You acquired it on level 3 of the Lair of Beasts)

   [amulet of the acrobat]

   It increases your evasion while moving and waiting.
   Str:       It affects your strength (+4).
   Slay:      It affects your accuracy & damage with ranged weapons and melee
   (+3).
   SInv:      It lets you see invisible.
 o - a +4 ring of protection (left claw)
 M - the ring "Ikkoga" (right claw) {rElec Dex+6}
   (You took it off a deep elf zephyrmancer on level 3 of the Elven Halls)

   [ring of dexterity]

   Dex:       It affects your dexterity (+6).
   rElec:     It insulates you from electricity.
 N - a +5 ring of evasion
Wands
 E - a wand of paralysis (28)
 F - a wand of flame (193)
 K - a wand of digging (22)
 L - a wand of iceblast (38)
 W - a wand of mindburst (12)
Scrolls
 j - 16 scrolls of teleportation
 p - 7 scrolls of poison
 r - 10 scrolls of vulnerability
 t - a scroll of blinking
 z - 5 scrolls of fog
 G - 2 scrolls of magic mapping
 H - 4 scrolls of silence
 O - 9 scrolls of immolation
 X - 2 scrolls of torment
Potions
 d - 13 potions of mutation
 f - 11 potions of might
 l - 16 potions of curing
 s - 5 potions of invisibility
 u - a potion of heal wounds
 w - 5 potions of flight
 x - 3 potions of cancellation
 B - 9 potions of haste
 J - 7 potions of magic
 Q - 4 potions of resistance
 S - 6 potions of ambrosia
 T - 8 potions of attraction
 U - 8 potions of lignification
 Y - 2 potions of berserk rage
Miscellaneous
 b - a piece from Xom's chessboard (15/15)
 h - a phial of floods
 m - a tin of tremorstones (2/2)
 I - a phantom mirror
 P - a lightning rod (4/4)
 V - a condenser vane


   Skills:
 + Level 18.7 Fighting
 + Level 20.8 Throwing
 + Level 12.3 Armour
 - Level 7.0 Dodging
 - Level 3.0 Stealth
 - Level 15.0 Shields
 - Level 22.0 Unarmed Combat
 - Level 4.0 Spellcasting
 - Level 4.0 Translocations
 - Level 10.0 Transmutations
 - Level 10.0 Earth Magic
 - Level 11.0 Evocations


You had 16 spell levels left.
You knew the following spells:

 Your Spells              Type           Power      Damage    Failure   Level
a - Wereblood             Tmut           28%        N/A       22%         2
b - Statue Form           Tmut/Erth      18%        N/A       100%        6
c - Passwall              Tmut/Erth      23%        N/A       22%         2
d - Manifold Assault      Tloc           13%        N/A       100%        4
e - Blink                 Tloc           26%        N/A       92%         2

Your spell library contained the following spells:

 Spells                   Type           Power      Damage    Failure   Level
 Sting                    Tmut/Pois      60%        1d6       71%         1
 Apportation              Tloc           26%        N/A       83%         1
 Lesser Beckoning         Tloc           26%        N/A       92%         2
 Spider Form              Tmut/Pois      15%        N/A       96%         3
 Stone Arrow              Conj/Erth      30%        3d8       96%         3
 Blade Hands              Tmut           14%        N/A       98%         5
 Lee's Rapid Deconstruct  Erth           14%        3d9*      98%         5
 Momentum Strike          Conj/Tloc      14%        3d8       99%         2
 Gell's Gravitas          Tloc           13%        N/A       99%         3
 Teleport Other           Tloc           13%        N/A       99%         3
 Magic Dart               Conj           8%         1d3       100%        1
 Necrotise                Necr           8%         1d4       100%        1
 Shock                    Conj/Air       8%         1d3       100%        1
 Slow                     Hex            8%         N/A       100%        1
 Summon Small Mammal      Summ           8%         N/A       100%        1
 Cigotuvi's Dreadful Rot  Necr/Pois/Air  4%         N/A       100%        2
 Ensorcelled Hibernation  Hex/Ice        4%         N/A       100%        2
 Poisonous Vapours        Pois/Air       4%         N/A       100%        2
 Searing Ray              Conj           4%         2d4       100%        2
 Sublimation of Blood     Necr           2%         N/A       100%        2
 Call Canine Familiar     Summ           2%         N/A       100%        3
 Dazzling Flash           Conj/Hex       4%         N/A       100%        3
 Frozen Ramparts          Ice            4%         1d1       100%        3
 Hailstorm                Conj/Ice       2%         3d3       100%        3
 Inner Flame              Hex/Fire       2%         N/A       100%        3
 Mephitic Cloud           Conj/Pois/Air  2%         N/A       100%        3
 Portal Projectile        Hex/Tloc       14%        N/A       100%        3
 Summon Guardian Golem    Hex/Summ       2%         N/A       100%        3
 Swiftness                Air            2%         N/A       100%        3
 Vampiric Draining        Necr           2%         2d6       100%        3
 Vhi's Electric Charge    Tloc/Air       14%        N/A       100%        3
 Anguish                  Hex/Necr       1%         N/A       100%        4
 Animate Armour           Summ/Erth      30%        N/A       100%        4
 Flame Wave               Conj/Fire      2%         2d4       100%        4
 Fulminant Prism          Conj/Hex       1%         3d5       100%        4
 Ice Form                 Ice/Tmut       15%        N/A       100%        4
 Iskenderun's Mystic Bla  Conj/Tloc      7%         2d4       100%        4
 Leda's Liquefaction      Hex/Erth       7%         N/A       100%        4
 Olgreb's Toxic Radiance  Pois           2%         N/A       100%        4
 Sticky Flame             Conj/Fire      2%         2d3       100%        4
 Summon Ice Beast         Ice/Summ       2%         N/A       100%        4
 Summon Lightning Spire   Summ/Air       2%         N/A       100%        4
 Agony                    Necr           2%         N/A       100%        5
 Arcjolt                  Conj/Air       1%         1d11      100%        5
 Irradiate                Conj/Tmut      7%         3d14      100%        5
 Summon Forest            Summ/Tloc      3%         N/A       100%        5
 Conjure Ball Lightning   Conj/Air       1%         3x3d6     100%        6
 Starburst                Conj/Fire      1%         6d3       100%        6
 Summon Cactus Giant      Summ           1%         N/A       100%        6
 Dragon Form              Tmut           14%        N/A       100%        7
 Enfeeble                 Hex            1%         N/A       100%        7
 Orb of Destruction       Conj           1%         9d5       100%        7
 Spellforged Servitor     Conj/Summ      1%         N/A       100%        7
 Storm Form               Tmut/Air       7%         N/A       100%        7
 Summon Hydra             Summ           1%         N/A       100%        7
 Discord                  Hex            1%         N/A       100%        8
 Disjunction              Tloc           6%         N/A       100%        8
 Lehudib's Crystal Spear  Conj/Erth      7%         10d3      100%        8
 Maxwell's Capacitive Co  Air            1%         ∞         100%        8
 Chain Lightning          Conj/Air       1%         3d1       100%        9
 Fire Storm               Conj/Fire      1%         7d1       100%        9
 Shatter                  Erth           14%        3d14*     100%        9


Dungeon Overview and Level Annotations

Branches:
Dungeon (15/15)            Temple (1/1) D:5            Lair (5/5) D:8
  Swamp (4/4) Lair:3       Spider (4/4) Lair:3        Slime (5/5) Lair:5
    Orc (2/2) D:11            Elf (3/3) Orc:2        Vaults (4/5) D:14
  Crypt (0/3) Vaults:2     Depths (4/4) D:15            Zot (5/5) Depths:4
  Sewer (visited)

Altars:
Ashenzari
Cheibriados
Dithmenos
Elyvilon
Fedhas
Kikubaaqudgha
Makhleb
Okawaru
Qazlal
Ru
Trog
Uskayaw
Vehumet
Xom
Yredelemnul
The Shining One
Jiyva

Shops:
D:2 :   D:10 :   Orc:1 !   Orc:2 [(:*(   Elf:2 (   Elf:3 :   Vaults:1 =(
Vaults:2 :   Depths:1 :=:   Depths:2 [:[   Depths:4 =

Portals:
Hell: Depths:1 Depths:2 Depths:3 Depths:4
Abyss: Depths:2 Depths:3
Pandemonium: Depths:1 Depths:2
Ziggurat: Depths:3
Trove: D:13 (give 12 potions of heal wounds)

Annotations:
Lair:1 exclusion: downstairs
Spider:1 exclusion: downstairs
Slime:4 exclusion: downstairs
Vaults:3 3 runed translucent doors, Kevimi's ghost, adept FeNe
Vaults:5 !V
Depths:3 3 runed translucent doors, Gucom's ghost, veteran GnFi
Zot:4 3 runed translucent doors, Zeaxzic Paph's ghost, veteran OgBe


Innate Abilities, Weirdness & Mutations

You are too large for most types of armour.
You have claws for hands.
Your natural rate of healing is unusually fast.
You are covered in fur. (AC +1)
You have tough skin. (AC +1)
You have a pair of horns on your head.
You possess an exceptional clarity of mind.
Your flesh is heat resistant. (rF+)
You are extremely strong-willed. (Will+++)
You are very robust. (+20% HP)
You are very weak. (Str -4)
Your spells are a little harder to cast, but a little more powerful.
You expend magic power (3 MP) to strengthen your wands.
You passively dampen the noise of your surroundings.


Message History

The death cob hits you!
* * * LOW HITPOINT WARNING * * *
The death cob drains your vigour!
You feel as though you will be slow longer.
You barely miss the death cob.
The death cob hits you but does no damage. x2
The Orb Guardian hits you!!
* * * LOW HITPOINT WARNING * * *
You barely miss the death cob. Your headbutt misses the death cob.
The death cob closely misses you. The Orb Guardian hits you!!
* * * LOW HITPOINT WARNING * * *
The death cob hits you but does no damage.
You block the Orb Guardian's attack.
You miss the death cob. You headbutt the death cob.
You block the death cob's attack. You block the Orb Guardian's attack. x2
You closely miss the death cob. You headbutt the death cob!
The death cob hits you but does no damage.
You block the death cob's attack.
The Orb Guardian hits you but does no damage.
You block the Orb Guardian's attack.
Unknown command.
Unknown command.
You cannot drink potions in your current state!
As you read the scroll of fear, it crumbles to dust.
You assume a fearsome visage.
The orb of fire is unaffected.
The Orb Guardian looks frightened!
The Orb Guardian resists with almost no effort.
The death cob is unaffected.
The red draconian looks frightened!
The death cob hits you!
* * * LOW HITPOINT WARNING * * *
The death cob drains your vigour!
You feel as though you will be slow longer.
The death cob hits you!
* * * LOW HITPOINT WARNING * * *
Xom thinks this is hilarious!
The death cob drains your vigour!
You feel as though you will be slow longer.
You block the Orb Guardian's attack. The death cob hits you!!
You die...
Xom chortles!

,,,* ********* ▓..........p......
,,,***,,,,,,^**▓.§.......§..1....
,,,**,,,,,,,,,*▓......y.....9.^..
,,,*,,,,,^,^,,,▓...X........2....
,,,,,,,,,,,,,,,d.X.........§...$.
,,,*,^,,,,,,,,q▓§§§§.............
,,,**,,,,,,,,.▓▓dXX..............
,,,***,,,,,,.▓*▓§*§..............
,,,* ******▓▓* #@z§...^..........
,,** ##§§.....,,,,,,,,, ***
*#▓.....,,,,,,,,, *
**▓▓..,,,,,,,,, **
******▓*******,, ,***
***,,^,,,,,,^,,,,, ,,,**
**,,,,**,,,,^,,,,,,
*,,,***********,,,***,,,,,,,,,,,,
**,,,,,,,,,,,,,,,***,,,,,^,,,,,,,


You could see an orb of fire, a red draconian (fleeing), a death cob and 2 Orb
Guardians.

Vanquished Creatures
  the Royal Jelly (Slime:5)
  An ancient lich (Depths:2)
  Mara (Depths:2)
  Boris (twice) (Vaults:4 Depths:4)
  A shard shrike (Zot:1)
  A Killer Klown (Zot:5)
  2 curse toes
  4 golden dragons
  2 bone dragons
  Rupert (D:15)
  Jorgrun (D:15)
  Mlioglotl (Swamp:2)
  4 Orb Guardians (Zot:5)
  18 tentacled monstrosities
  A lich (Abyss:4)
  9 quicksilver dragons
  2 deep elf master archers (Elf:3)
  3 deep elf blademasters
  19 acid blobs
  Frances (D:14)
  8 death cobs
  2 sphinxes
  3 tentacled starspawn (Abyss:4)
  A thorn hunter (Swamp:2)
  2 shadow dragons
  5 tengu reavers
  The ghost of Iffuusoj the Severer, an adept MiBe of Trog (Swamp:3)
  5 storm dragons
  Roxanne (Swamp:1)
  3 rockslimes
  6 draconian monks
  9 azure jellies
  3 fire giants (Depths:3)
  3 fenstrider witches
  The ghost of asti the Executioner, a journeyman MiBe of Trog (Swamp:3)
  3 emperor scorpions
  5 deep elf sorcerers (Elf:3)
  10 draconian knights
  6 vault wardens
  5 frost giants
  2 iron dragons (Depths:4)
  5 ghost moths
  6 draconian shifters (Zot:3)
  12 deep elf elementalists (Elf:3)
  3 angels (Depths:2)
  3 draconian scorchers
  17 ironbound preservers
  11 draconian stormcallers
  4 orc warlords
  3 broodmothers
  9 stone giants
  9 draconian annihilators
  The ghost of Gifaivo the Spry, a journeyman DECj of Sif Muna (Spider:1)
  12 quicksilver oozes
  8 ironbound thunderhulks
  3 vampire knights
  20 very ugly things
  5 eleionomae
  9 black draconians
  18 green draconians
  8 deep elf annihilators
  7 red draconians
  13 purple draconians
  22 white draconians
  9 yellow draconians
  5 deep elf demonologists (Elf:3)
  6 dire elephants
  10 spark wasps
  The ghost of Tollund the Protected, a journeyman AtFi of Zin (Lair:3)
  7 ettins
  4 deep elf death magi (Elf:3)
  10 fire dragons
  5 shambling mangroves
  9 bunyips
  Josephine (Lair:4)
  2 jiangshi (Depths:1)
  7 entropy weavers
  11 yaktaur captains
  Fannar (Lair:3)
  A deep elf high priest (Elf:3)
  2 rakshasas (Depths:1)
  A peacekeeper (Vaults:3)
  11 great orbs of eyes
  A caustic shrike simulacrum (Depths:2)
  Erolcha (Orc:2)
  3 ogre magi
  8 ice dragons
  5 spriggan air magi
  2 vault guards
  3 hell beasts (Depths:1)
  24 hydras
  19 centaur warriors
  3 ghost crabs
  13 ironbound frosthearts
  4 radroaches (Spider:2)
  A jorogumo (Spider:2)
  A two-headed ogre (shapeshifter) (D:9)
  3 catoblepae (D:14)
  29 dancing weapons
  The ghost of baal32 the Basher, a novice MiFi of Okawaru (D:10)
  14 two-headed ogres
  7 boulder beetles
  6 deep troll earth magi
  10 alligators
  13 death yaks
  9 deep troll shamans
  2 vampire magi
  A hell hog (Depths:1)
  4 orc high priests
  6 tengu warriors
  The ghost of Newt the Cleaver, a novice DsGl of Okawaru (D:9)
  3 thrashing horrors (Abyss:4)
  10 hell knights
  4 skysharks
  2 soul eaters (Depths:1)
  5 spriggan berserkers
  A storm dragon zombie (Depths:2)
  12 sun demons
  6 large abominations
  3 skeletal warriors (D:14)
  A wretched star (Abyss:4)
  21 deep elf knights
  3 pharaoh ants
  67 deep trolls
  4 cherubim (Depths:2)
  5 iron trolls
  2 sun moths
  8 orb spiders
  A golden dragon zombie (Depths:2)
  2 bog bodies
  An obsidian statue (D:11)
  A sea snake (D:9)
  A shadow demon (Depths:1)
  11 swamp dragons
  3 spectral hydras (Swamp:4)
  12 ironbound convokers
  17 lindwurms
  14 wizards
  6 glowing orange brains
  4 spriggan druids
  12 orc knights
  7 starcursed masses (Abyss:4)
  A phantasmal warrior (Swamp:4)
  5 steelbarb worms
  12 deep elf archers
  27 deep elf pyromancers
  Pikel (D:6)
  12 harpies
  2 tengu zombies
  6 necromancers
  41 ugly things
  24 wolf spiders
  6 oklob plants
  4 orc sorcerers
  27 deep elf zephyrmancers
  A faun (Lair:4)
  9 shining eyes
  2 human zombies
  3 cyclopes
  2 manticores
  A frost giant zombie (Depths:2)
  21 moths of wrath
  5 demonic crawlers
  Joseph (D:8)
  19 elephants
  An apocalypse crab (Abyss:4)
  5 black mambas
  8 torpor snails
  2 smoke demons
  2 gargoyles
  3 eyes of devastation
  16 cane toads
  4 unseen horrors
  2 orange demons
  14 vault sentinels
  3 kobold demonologists
  2 rime drakes
  Psyche (D:9)
  38 yaktaurs
  A rime drake (shapeshifter) (Vaults:3)
  A tormentor (Depths:2)
  A yaktaur (shapeshifter) (D:13)
  An ancient zyme (Abyss:4)
  4 tengu conjurers
  8 komodo dragons
  5 hydra zombies (Swamp:4)
  5 trolls
  Prince Ribbit (D:6)
  4 meliai
  3 polar bears
  38 tarantellas
  29 hornets
  8 tyrant leeches
  2 death drake zombies (Swamp:4)
  A tengu simulacrum (Depths:2)
  A blink frog (shapeshifter) (D:13)
  17 blink frogs
  11 dream sheep (Lair:5)
  An iron dragon simulacrum (Depths:2)
  137 slime creatures
  43 jumping spiders
  2 air elementals
  6 fire elementals
  36 spriggans
  5 shadows
  8 water elementals
  49 yaks
  33 culicivoras
  5 wraiths
  A wyvern (Lair:3)
  7 golden eyes
  3 basilisks
  3 steam dragons
  11 vampire mosquitoes
  3 neqoxecs
  11 chaos spawn
  55 redbacks
  16 swamp worms
  2 wargs (Orc:1)
  An acid dragon (D:13)
  3 hydra simulacra (Swamp:4)
  9 water moccasins
  3 floating eyes
  Duvessa (D:7)
  8 swamp drakes
  A human skeleton (Vaults:4)
  Pargi (Sewer)
  28 orc warriors
  8 ice beasts
  4 black bears
  11 ogres
  49 wolves
  4 centaurs (D:14)
  2 swamp dragon zombies (Swamp:4)
  An elf simulacrum (Vaults:4)
  7 boggarts
  A centaur (shapeshifter) (Spider:2)
  2 swamp dragon skeletons (Swamp:4)
  6 kobold brigands
  5 small abominations
  4 lemures (D:6)
  8 bullfrogs
  5 earth elementals
  3 necrophages
  4 scorpions
  7 wights
  Dowan (D:7)
  4 killer bees (Lair:3)
  A troll zombie (D:11)
  4 howler monkeys
  4 electric eels
  A crimson imp (Abyss:4)
  A jelly (D:6)
  3 hounds
  A gnoll bouda (D:5)
  Crazy Yiuf (D:2)
  7 orc priests
  3 iguanas
  21 orc wizards
  8 ogre zombies
  10 gnolls
  10 adders
  2 river rats
  A white imp (D:7)
  An ufetubus (D:5)
  A worm (D:4)
  3 dart slugs
  51 orcs
  8 ball pythons
  8 endoplasms
  3 giant cockroaches
  13 goblins
  8 hobgoblins
  3 jackals (D:5)
  26 kobolds
  8 quokkas
  3 bats
  11 frilled lizards
  3 goblin skeletons (D:11)
  3 goblin zombies (D:11)
  A hobgoblin skeleton (D:11)
  2 hobgoblin zombies (D:11)
  2 orc skeletons (D:11)
  17 orc zombies
  3 rats
  A butterfly (Swamp:4)
2272 creatures vanquished.

Vanquished Creatures (collateral kills)
  2 green draconians (Zot:1)
  A white draconian (Zot:1)
  A great orb of eyes (Slime:5)
  A rakshasa (Depths:3)
  A deep troll shaman (Depths:2)
  A dancing weapon (Elf:2)
  A deep elf knight (Elf:2)
  An ugly thing (Vaults:4)
  A vault sentinel (Vaults:4)
  A polar bear (Lair:5)
  A dream sheep (Lair:5)
  A spriggan (Lair:5)
  A steam dragon (D:8)
  A redback (Spider:2)
  5 wolves (Lair:5)
  An orc (D:7)
  A kobold (D:8)
22 creatures vanquished.

Vanquished Creatures (others)
  A deep elf demonologist (Elf:1)
  6 dancing weapons
  A deep troll (Depths:2)
  A wizard (Vaults:4)
  A deep elf pyromancer (Elf:2)
  2 deep elf zephyrmancers (Elf:1)
  3 yaktaurs (Vaults:1)
  2 bloated husks
  A fire elemental (Elf:1)
  A water elemental (Elf:1)
  2 wights (D:7)
  An orc priest (D:7)
  2 orc wizards
  2 gnolls (D:8)
  4 orcs
  A kobold (D:8)
  A bush (Lair:5)
  50 fungi
  88 plants
  2 starspawn tentacles (Abyss:4)
  6 withered plants (Swamp:3)
178 creatures vanquished.

Grand Total: 2472 creatures vanquished

Notes
Turn   | Place    | Note
-------+----------+-------------------------------------------
     0 | D:1      | ragingrage the Troll Chaos Knight began the quest for the
                  | Orb.
     0 | D:1      | Reached XP level 1. HP: 22/22 MP: 0/0
    20 | D:1      | XOM: potion effect (berserk rage)
   212 | D:1      | XOM: silly message
   292 | D:1      | Reached XP level 2. HP: 25/29 MP: 1/1
   758 | D:1      | XOM: silly message
   847 | D:1      | XOM: silly message
   885 | D:1      | XOM: silly message
   968 | D:1      | XOM: divination: detect creatures
  1054 | D:1      | XOM: silly message
  1126 | D:2      | XOM: polymorph endoplasm -> river rat
  1139 | D:2      | Reached skill level 1 in Stealth
  1152 | D:2      | Reached XP level 3. HP: 36/36 MP: 2/2
  1184 | D:2      | Found Xihiageu's Vocational Training.
  1238 | D:2      | Found a runed translucent door.
  1239 | D:2      | Noticed Crazy Yiuf
  1447 | D:2      | XOM: noise
  1802 | D:3      | XOM: noise
  1880 | D:3      | Reached skill level 4 in Unarmed Combat
  2004 | D:3      | Reached XP level 4. HP: 44/44 MP: 3/3
  2024 | D:3      | XOM: smoke on damage
  2169 | D:3      | XOM: summons 1 hostile demon
  2504 | D:3      | XOM: silly message
  2526 | D:3      | HP: 2/44 [orc priest/divine providence (10)]
  2529 | D:3      | XOM: enchant monster (good)
  2540 | D:3      | Reached XP level 5. HP: 37/50 MP: 4/4
  2661 | D:4      | XOM: stealth player
  2738 | D:4      | Found a shadowy altar of Dithmenos.
  2738 | D:4      | Found a sacrificial altar of Ru.
  2738 | D:4      | Found an iron altar of Okawaru.
  2756 | D:4      | Found an ancient bone altar of Kikubaaqudgha.
  2771 | D:4      | Reached skill level 5 in Unarmed Combat
  2885 | D:4      | XOM: give mutation
  2885 | D:4      | Gained mutation: You are partially covered in iridescent
                  | scales. (AC +2) [Xom's grace]
  2930 | D:4      | XOM: cast spell 'Statue Form'
  2932 | D:4      | Reached XP level 6. HP: 59/59 MP: 5/5
  2938 | D:4      | Reached skill level 6 in Unarmed Combat
  2951 | D:4      | XOM: polymorph kobold -> river rat
  2979 | D:4      | XOM: god gift: staff of cold
  3129 | D:4      | XOM: enchant monster (good)
  3170 | D:4      | XOM: confuse monster(s)
  3187 | D:4      | Reached skill level 7 in Unarmed Combat
  3370 | D:4      | XOM: give mutations
  3370 | D:4      | Gained mutation: You have a beak for a mouth. [Xom's grace]
  3370 | D:4      | Gained mutation: You are mostly covered in iridescent
                  | scales. (AC +4) [Xom's grace]
  3370 | D:4      | Gained mutation: Your spells are a little harder to cast,
                  | but a little more powerful. [Xom's grace]
  3370 | D:4      | Gained mutation: Your movements are slightly less
                  | encumbered by armour. (ER -2) [Xom's grace]
  3415 | D:4      | XOM: draining
  3462 | D:4      | XOM: summons 4 hostile demons
  3463 | D:4      | Noticed a chaos spawn
  3469 | D:4      | HP: 1/48 [chaos spawn[Xom] (13)]
  3685 | D:5      | Entered Level 5 of the Dungeon
  3685 | D:5      | Noticed a water moccasin
  3709 | D:5      | XOM: swap monsters
  3714 | D:5      | Reached XP level 7. HP: 54/57 MP: 6/6
  3746 | D:5      | Reached skill level 8 in Unarmed Combat
  3914 | D:5      | XOM: swap monsters
  3917 | D:5      | XOM: chaos upgrade
  3918 | D:5      | XOM: cleaving
  3961 | D:5      | Reached skill level 9 in Unarmed Combat
  4057 | D:5      | Found a blossoming altar of Fedhas.
  4071 | D:5      | Found a transporter.
  4110 | D:5      | Found a staircase to the Ecumenical Temple.
  4118 | Temple   | Entered the Ecumenical Temple
  4230 | D:5      | Reached XP level 8. HP: 71/74 MP: 7/7
  4236 | D:5      | Found a transporter.
  4343 | D:6      | Noticed Prince Ribbit
  4490 | D:6      | Found a glowing drain.
  4501 | Sewer    | Entered a sewer
  4699 | Sewer    | Noticed Pargi
  4711 | Sewer    | XOM: divination: detect creatures
  4713 | Sewer    | Killed Pargi
  4714 | Sewer    | Reached skill level 10 in Unarmed Combat
  4851 | D:6      | Reached skill level 1 in Throwing
  4992 | D:6      | Identified the +1 ring mail "Xaireica" {+Blink}
  5118 | D:6      | Killed Prince Ribbit
  5208 | D:6      | XOM: silly message
  5236 | D:6      | XOM: butterfly on damage
  5238 | D:6      | Reached XP level 9. HP: 54/80 MP: 8/8
  5277 | D:6      | Noticed a +0 dagger
  5277 | D:6      | Noticed a +0 spear
  5277 | D:6      | Noticed a +0 short sword
  5278 | D:6      | Noticed a +0 spear
  5278 | D:6      | Noticed a +0 falchion
  5278 | D:6      | Noticed a +0 dagger
  5278 | D:6      | Noticed a +0 short sword
  5279 | D:6      | Noticed a +0 falchion
  5282 | D:6      | Found a hide-covered altar of Uskayaw.
  5289 | D:6      | Identified the +1 spear "Fitiorr" {freeze, *Slow Will-
                  | Int+8}
  5315 | D:6      | Reached skill level 11 in Unarmed Combat
  5390 | D:6      | Noticed Pikel
  5525 | D:6      | XOM: scenery: create altars
  5601 | D:7      | Noticed Duvessa
  5602 | D:7      | XOM: cast spell 'Necromutation'
  5604 | D:7      | XOM: summons 6 friendly demons
  5606 | D:7      | Noticed Dowan
  5618 | D:7      | Killed Duvessa
  5619 | D:7      | Killed Dowan
  5628 | D:7      | Reached skill level 5 in Throwing
  5650 | D:7      | XOM: scenery: create altars
  5674 | D:7      | XOM: fog
  5689 | D:7      | XOM: divine lightning
  5860 | D:7      | XOM: summons 6 friendly demons
  5896 | D:7      | XOM: confuse monster(s)
  6078 | D:7      | XOM: god gift: potion of haste
  6095 | D:7      | Identified the +8 demon blade "Heatrem" {vamp, Drain rPois
                  | rN++ SInv}
  6125 | D:8      | XOM: stealth player
  6168 | D:8      | XOM: 7-stop teleportation journey
  6176 | D:8      | XOM: summons 9 friendly demons
  6260 | D:8      | Noticed a rime drake
  6277 | D:8      | Killed a rime drake
  6358 | D:8      | Noticed Joseph
  6363 | D:8      | XOM: destruction
  6366 | D:7      | Reached XP level 10. HP: 87/92 MP: 9/9
  6415 | D:6      | XOM: swap monsters
  6424 | D:6      | Killed Pikel
  6672 | D:2      | Killed Crazy Yiuf
  6876 | D:7      | XOM: divination: detect creatures
  6876 | D:7      | Paralysed by a hornet for 3 turns
  6882 | D:7      | XOM: swap monsters
  6884 | D:7      | XOM: summons 1 hostile demon
  6945 | D:8      | Killed Joseph
  6946 | D:8      | Reached skill level 12 in Unarmed Combat
  6952 | D:8      | Reached skill level 5 in Fighting
  7246 | D:8      | Found a staircase to the Lair.
  7484 | D:9      | Noticed Psyche
  7617 | D:9      | Noticed a two-headed ogre
  7620 | D:9      | XOM: potion effect (invisibility)
  7632 | D:9      | XOM: blink monster(s)
  7636 | D:9      | Killed a two-headed ogre
  7920 | D:9      | a slime creature changed into a sea snake
  7920 | D:9      | Noticed a sea snake
  7920 | D:9      | a slime creature changed into a shining eye
  7920 | D:9      | Noticed a shining eye
  7920 | D:9      | XOM: polymorph large slime creature -> shining eye
  7922 | D:9      | XOM: destruction
  7928 | D:9      | Killed a sea snake
  7928 | D:9      | a shining eye changed into a glowing shapeshifter
  7928 | D:9      | Noticed a glowing shapeshifter (glowing shapeshifter)
  7928 | D:9      | XOM: polymorph shining eye -> glowing shapeshifter
  7928 | D:9      | a glowing shapeshifter changed into a moth of wrath
  7928 | D:9      | Noticed a moth of wrath (glowing shapeshifter)
  7929 | D:9      | Reached skill level 13 in Unarmed Combat
  7930 | D:9      | a moth of wrath changed into a two-headed ogre
  7930 | D:9      | Noticed a two-headed ogre (glowing shapeshifter)
  7933 | D:9      | Killed a two-headed ogre
  7934 | D:9      | Reached XP level 11. HP: 85/107 MP: 10/10
  8024 | D:9      | Found a broken altar of Ashenzari.
  8054 | D:9      | XOM: cleaving
  8079 | D:9      | XOM: cast spell 'Metabolic Englaciation'
  8102 | D:9      | Found a burning altar of Makhleb.
  8171 | D:9      | Found a runed translucent door.
  8172 | D:9      | Found a shimmering altar of Xom.
  8172 | D:9      | Noticed Newt's ghost (novice DsGl)
  8172 | D:9      | Noticed a +0 flail of chaos
  8385 | D:9      | Killed Psyche
  8464 | D:9      | XOM: cloud trail
  8555 | D:9      | XOM: silly message
  8626 | D:9      | XOM: god gift: brightly glowing falchion {god gift}
  8626 | D:9      | Identified the +4 falchion "Wewehit" {chaos, rElec rF++
                  | Will- Stlth+} (Xom gifted it to you on level 9 of the
                  | Dungeon)
  8677 | D:10     | Entered Level 10 of the Dungeon
  8702 | D:10     | Found Ejialo's Book Shop.
  8704 | D:10     | Identified the +1 whip "Wafeapy" {freeze, rPois rF- Str+3}
  8909 | D:10     | Found a transporter.
  8922 | D:10     | Noticed a two-headed ogre
  8932 | D:10     | XOM: confuse monster(s)
  8936 | D:10     | Killed a two-headed ogre
  8972 | D:10     | Noticed a two-headed ogre
  8974 | D:10     | Noticed baal32's ghost (novice MiFi)
  8975 | D:10     | Found a transporter.
  8980 | D:10     | XOM: scenery: summon butterflies
  8981 | D:10     | Noticed a two-headed ogre
  8988 | D:10     | Found a radiant altar of Vehumet.
  8990 | D:10     | Found a shimmering altar of Xom.
  8990 | D:10     | Found a sacrificial altar of Ru.
  8995 | D:10     | XOM: enchant monster (bad)
  9005 | D:10     | Reached skill level 14 in Unarmed Combat
  9015 | D:10     | Found a glowing golden altar of the Shining One.
  9015 | D:10     | Found a radiant altar of Vehumet.
  9015 | D:10     | Found a shimmering blue altar of Sif Muna.
  9042 | D:10     | Identified the +2 great mace of Conflict {freeze, rC+
                  | Dex+6}
  9042 | D:10     | Noticed a two-headed ogre
  9044 | D:10     | Noticed a two-headed ogre
  9124 | D:10     | Found Agimp's Self-Improvement Boutique.
  9204 | D:10     | XOM: summons friendly crimson imp
  9402 | Lair:1   | Entered Level 1 of the Lair of Beasts
  9476 | Lair:1   | XOM: cast spell 'Summon Mana Viper'
  9666 | Lair:1   | XOM: divination: magic mapping
  9850 | Lair:1   | XOM: confuse monster(s)
  9880 | Lair:1   | Reached XP level 12. HP: 123/123 MP: 11/11
  9880 | Lair:1   | XOM: confuse monster(s)
 10271 | Lair:2   | Noticed a death yak
 10272 | Lair:2   | Noticed a death yak
 10272 | Lair:2   | Noticed a death yak
 10273 | Lair:2   | Noticed a death yak
 10275 | Lair:2   | XOM: summons friendly ufetubus
 10286 | Lair:2   | Noticed a death yak
 10523 | Lair:2   | Reached skill level 1 in Armour
 10564 | Lair:2   | Reached skill level 15 in Unarmed Combat
 10624 | Lair:2   | XOM: divination: detect creatures
 10631 | Lair:2   | XOM: potion effect (haste)
 10639 | Lair:2   | XOM: blink monster(s)
 10640 | Lair:2   | XOM: chaos cloud
 10641 | Lair:2   | Noticed a death yak
 10652 | Lair:1   | Killed a death yak
 10653 | Lair:1   | XOM: give mutations
 10653 | Lair:1   | Gained mutation: Your movements are less encumbered by
                  | armour. (ER -4) [Xom's mischief]
 10653 | Lair:1   | Lost mutation: You are mostly covered in iridescent scales.
                  | (AC +4) [Xom's mischief]
 10653 | Lair:1   | Gained mutation: You are robust. (+10% HP) [Xom's mischief]
 10656 | Lair:1   | XOM: stat loss: -1 Dex (8/9)
 10659 | Lair:1   | Killed a death yak
 10687 | Lair:2   | XOM: divination: magic mapping
 10702 | Lair:2   | Killed a death yak
 10717 | Lair:1   | Killed a death yak
 10722 | Lair:1   | Killed a death yak
 10756 | Lair:2   | XOM: potion effect (invisibility)
 10758 | Lair:2   | Killed a death yak
 10763 | Lair:2   | XOM: silly message
 10849 | Lair:2   | XOM: silly message
 10854 | Lair:2   | XOM: potion effect (might)
 10863 | Lair:2   | XOM: blink monster(s)
 10866 | Lair:2   | XOM: noise
 10869 | Lair:2   | XOM: potion effect (curing)
 10875 | Lair:2   | Reached skill level 10 in Fighting
 10920 | Lair:2   | XOM: divination: detect creatures
 10933 | Lair:2   | XOM: noise
 10975 | Lair:2   | Identified the +0 quarterstaff "Angourphefan" {flame, rN+
                  | Str-3 Int+4}
 10997 | Lair:2   | Noticed a five-headed hydra
 11012 | Lair:2   | Killed a five-headed hydra
 11147 | Lair:2   | XOM: summons 4 friendly demons
 11247 | Lair:2   | XOM: 1-stop teleportation journey
 11538 | Lair:2   | XOM: cloud trail
 11637 | Lair:3   | XOM: noise
 11713 | Lair:3   | XOM: enchant monster (good)
 11728 | Lair:3   | Reached XP level 13. HP: 130/146 MP: 12/12
 11732 | Lair:3   | XOM: enchant monster (bad)
 11746 | Lair:3   | XOM: confuse monster(s)
 11774 | Lair:3   | XOM: enchant monster (bad)
 11875 | Lair:3   | XOM: enchant monster (bad)
 11878 | Lair:3   | XOM: silly message
 11896 | Lair:3   | XOM: summons friendly quasit
 11897 | Lair:3   | Reached skill level 10 in Throwing
 11946 | Lair:3   | XOM: god gift: potion of flight
 12017 | Lair:3   | Reached XP level 14. HP: 157/157 MP: 13/13
 12103 | Lair:3   | XOM: swap monsters
 12106 | Lair:3   | Found a hole to the Spider Nest.
 12106 | Lair:3   | XOM: 4-stop teleportation journey
 12144 | Lair:3   | Noticed Fannar
 12173 | Lair:3   | XOM: 2-stop teleportation journey
 12303 | Lair:3   | XOM: blink monster(s)
 12305 | Lair:3   | Reached skill level 1 in Evocations
 12443 | Lair:3   | XOM: give mutation
 12443 | Lair:3   | Gained mutation: You are strong-willed. (Will+) [Xom's
                  | grace]
 12742 | Lair:4   | XOM: summons 1 hostile shadow creature
 12743 | Lair:4   | XOM: silly message
 12747 | Lair:4   | XOM: polymorph elephant -> faun
 12748 | Lair:4   | XOM: draining
 12749 | Lair:4   | XOM: summons 5 friendly demons
 12754 | Lair:4   | XOM: 1-stop teleportation journey
 12883 | Lair:4   | XOM is BORED!
 12883 | Lair:4   | XOM: swap monsters
 12885 | Lair:4   | XOM: confusion (+ monsters)
 12906 | Lair:4   | XOM: swap monsters
 12951 | Lair:4   | XOM: confusion
 13091 | Lair:4   | XOM: chaos cloud
 13092 | Lair:4   | XOM: divination: detect creatures
 13101 | Lair:4   | XOM: summons friendly shadow imp
 13107 | Lair:4   | XOM: confuse monster(s)
 13189 | Lair:4   | XOM: god gift: 44 gold pieces
 13528 | Lair:5   | Entered Level 5 of the Lair of Beasts
 13549 | Lair:5   | Found a staircase to the Slime Pits.
 13601 | Lair:5   | XOM: scenery: summon butterflies
 13604 | Lair:5   | XOM: enchant monster (good)
 13609 | Lair:5   | XOM: summons friendly quasit
 13628 | Lair:5   | Found a viscous altar of Jiyva.
 13735 | Lair:5   | XOM: summons friendly ufetubus
 13801 | Lair:5   | XOM: polymorph fire crab -> harpy
 13810 | Lair:5   | XOM: scenery: create altars
 13832 | Lair:5   | Noticed Josephine
 13840 | Lair:5   | XOM: fog
 13898 | Lair:4   | Killed Josephine
 13975 | Lair:5   | XOM: cast spell 'Summon Ice Beast'
 14009 | Lair:5   | XOM: smoke on damage
 14013 | Lair:5   | XOM: enchant monster (bad)
 14104 | Lair:5   | XOM: noise
 14113 | Lair:5   | XOM: polymorph wolf -> ogre
 14143 | Lair:5   | XOM: confusion (+ monsters)
 14154 | Lair:5   | XOM: enchant monster (good)
 14158 | Lair:5   | XOM: potion effect (heal wounds)
 14245 | Lair:5   | Reached XP level 15. HP: 168/168 MP: 14/14
 14259 | Lair:5   | Identified the +1 robe "Pocs" {rElec rC+ Slay+2}
 14303 | Lair:5   | XOM: potion effect (might)
 14318 | Lair:5   | XOM: enchant monster (bad)
 14320 | Lair:5   | XOM: smoke on damage
 14327 | Lair:5   | XOM: 3-stop teleportation journey
 14333 | Lair:5   | Reached skill level 16 in Unarmed Combat
 14335 | Lair:5   | XOM: divination: detect items
 14361 | Lair:5   | XOM: 9-stop teleportation journey
 14424 | Lair:5   | XOM: summons friendly ufetubus
 14720 | Lair:5   | XOM: cast spell 'Disjunction'
 14729 | Lair:5   | XOM: confuse monster(s)
 14809 | Lair:5   | Found the ring of the Mage {Wiz Archmagi}
 15206 | D:11     | Found a staircase to the Orcish Mines.
 15242 | D:11     | XOM: god gift: 8 stones
 15387 | D:11     | XOM: give mutations
 15387 | D:11     | Gained mutation: You expend magic power (3 MP) to
                  | strengthen your wands. [Xom's grace]
 15387 | D:11     | Gained mutation: You are mostly covered in iridescent
                  | scales. (AC +4) [Xom's grace]
 15387 | D:11     | Gained mutation: Your flesh is heat resistant. (rF+) [Xom's
                  | grace]
 15387 | D:11     | Gained mutation: A frigid envelope surrounds you and
                  | freezes all who hurt you. [Xom's grace]
 15407 | D:11     | XOM: 1-stop teleportation journey
 15430 | D:11     | XOM: confusion
 15491 | D:11     | XOM: enchant monster (bad)
 15506 | D:11     | XOM: blink monster(s)
 15603 | D:11     | XOM: cloud trail
 15798 | D:12     | XOM: summons friendly white imp
 15823 | D:12     | XOM: give mutations
 15823 | D:12     | Gained mutation: Your mind is acute. (Int +4, Str/Dex -1)
                  | [Xom's grace]
 15823 | D:12     | Gained mutation: You have sharp toenails. [Xom's grace]
 15823 | D:12     | Gained mutation: You are very robust. (+20% HP) [Xom's
                  | grace]
 15823 | D:12     | Gained mutation: You have a somewhat thin skeletal
                  | structure. (Dex +2, Stealth+) [Xom's grace]
 16197 | D:12     | XOM: polymorph slime creature -> skyshark
 16228 | D:12     | XOM: noise
 16345 | D:12     | XOM: scenery: 1 doors open, 1 doors close
 16464 | Orc:1    | Entered Level 1 of the Orcish Mines
 16488 | Orc:1    | Found Loitt's Distillery.
 16532 | D:11     | XOM: scenery: summon butterflies
 16620 | Orc:1    | XOM: summons friendly white imp
 16657 | Orc:1    | Bought a potion of berserk rage for 60 gold pieces
 16657 | Orc:1    | Bought a potion of might for 48 gold pieces
 16657 | Orc:1    | Bought a potion of lignification for 36 gold pieces
 16797 | Orc:2    | Entered Level 2 of the Orcish Mines
 16797 | Orc:2    | Found Afail's Weapon Boutique.
 16811 | Orc:2    | XOM: chaos upgrade
 16830 | Orc:2    | Noticed Erolcha
 16838 | Orc:2    | Killed Erolcha
 17090 | Orc:2    | XOM: polymorph ogre -> black bear
 17177 | Orc:2    | Found Usikaw's Antique Armour Emporium.
 17188 | Orc:2    | XOM is BORED!
 17188 | Orc:2    | XOM: 1-stop teleportation journey
 17198 | Orc:2    | Found Niatwed's General Store.
 17215 | Orc:2    | XOM: 1-stop teleportation journey
 17220 | Orc:2    | Noticed Urug
 17226 | Orc:2    | Urug changed into Urug the floating eye
 17226 | Orc:2    | Noticed Urug
 17226 | Orc:2    | XOM: polymorph Urug -> Urug the floating eye
 17229 | Orc:2    | Killed Urug the floating eye
 17288 | Orc:2    | XOM: noise
 17298 | Orc:2    | XOM: polymorph warg -> golden eye
 17366 | Orc:2    | Found Ugotzayss's Antique Weapon Shop.
 17380 | Orc:2    | Found a staircase to the Elven Halls.
 17575 | Orc:2    | Found Nuciwid's Book Emporium.
 17667 | Orc:2    | XOM is BORED!
 17667 | Orc:2    | XOM: give mutations
 17667 | Orc:2    | Lost mutation: You expend magic power (3 MP) to strengthen
                  | your wands. [Xom's mischief]
 17667 | Orc:2    | Lost mutation: You have a beak for a mouth. [Xom's
                  | mischief]
 17667 | Orc:2    | Lost mutation: Your mind is acute. (Int +4, Str/Dex -1)
                  | [Xom's mischief]
 17794 | D:13     | XOM: stat loss: -1 Int (9/10)
 17795 | D:13     | XOM: enchant monster (bad)
 17797 | D:13     | XOM: chaos cloud
 17936 | D:13     | XOM: torment (96/193 hp)
 17945 | D:13     | XOM: stat loss: -1 Str (27/28)
 18209 | D:13     | XOM: 5-stop teleportation journey
 18571 | D:13     | Found a portal to a secret trove of treasure.
 18608 | D:13     | XOM: stat loss: -1 Dex (10/11)
 18641 | D:14     | XOM: stealth player
 18721 | Orc:2    | XOM: draining
 18722 | Orc:2    | Bought the +10 morningstar "Foluip" {freeze, +Blink Str+2}
                  | for 829 gold pieces
 18972 | D:14     | XOM: polymorph vault guard -> catoblepas
 18979 | D:14     | XOM: 8-stop teleportation journey
 19195 | D:14     | XOM: stat loss: -1 Int (9/10)
 19209 | D:14     | Reached XP level 16. HP: 159/196 MP: 15/15
 19216 | D:14     | XOM: fog
 19293 | D:14     | Noticed Frances
 19299 | D:14     | Killed Frances
 19521 | D:14     | XOM: summons 5 hostile demons
 19528 | D:14     | XOM: chaos cloud
 19909 | D:14     | Found a gate to the Vaults.
 19957 | D:15     | Entered Level 15 of the Dungeon
 19969 | D:15     | XOM: polymorph deep elf pyromancer -> skyshark
 19975 | D:14     | XOM: torment (80/206 hp)
 20117 | D:15     | XOM: summons 9 hostile demons
 20180 | D:15     | Found a staircase to the Depths.
 20219 | D:15     | Noticed Jorgrun
 20221 | D:15     | XOM: scenery: create altars
 20225 | D:15     | XOM: destruction
 20226 | D:15     | XOM: enchant monster (good)
 20241 | D:15     | XOM: silly message
 20248 | D:15     | Killed Jorgrun
 20438 | D:15     | XOM: silly message
 20552 | D:15     | XOM: cast spell 'Summon Ice Beast'
 20784 | D:15     | Noticed Rupert
 20794 | D:15     | Killed Rupert
 20911 | D:15     | Reached skill level 15 in Throwing
 20960 | D:15     | Found a stormy altar of Qazlal.
 21252 | Lair:3   | Killed Fannar
 21263 | Lair:3   | Identified a scroll of acquirement
 21263 | Lair:3   | Acquired the amulet "Tagaludd" {Acrobat Str+4 Slay+3 SInv}
 21306 | Lair:3   | Found a transporter.
 21310 | Lair:3   | Found a transporter.
 21311 | Lair:3   | Found a bloodstained altar of Trog.
 21403 | Lair:3   | Noticed Tollund's ghost (journeyman AtFi)
 21444 | Lair:3   | XOM: noise
 21486 | Lair:3   | XOM: polymorph eight-headed hydra -> fire dragon
 21578 | Lair:3   | Found a staircase to the Swamp.
 21591 | Swamp:1  | Entered Level 1 of the Swamp
 21591 | Swamp:1  | Noticed Roxanne
 21607 | Swamp:1  | Killed Roxanne
 21608 | Swamp:1  | Reached skill level 17 in Unarmed Combat
 21698 | Swamp:1  | Learned a level 6 spell: Statue Form
 21940 | Swamp:1  | XOM: summons friendly white imp
 21949 | Swamp:1  | Noticed Mlioglotl
 21982 | Swamp:2  | Killed Mlioglotl
 22056 | Swamp:2  | XOM: 1-stop teleportation journey
 22086 | Swamp:2  | XOM: scenery: summon butterflies
 22237 | Swamp:2  | XOM: scenery: create altars
 22513 | Swamp:2  | XOM: scenery: create altars
 22892 | Swamp:1  | XOM: cast spell 'Summon Mana Viper'
 22979 | Swamp:1  | XOM: god gift: potion of brilliance
 23068 | Swamp:1  | XOM: silly message
 23155 | Swamp:3  | XOM: confuse monster(s)
 23164 | Swamp:3  | Noticed a thorn hunter
 23165 | Swamp:3  | XOM: potion effect (haste)
 23169 | Swamp:3  | XOM: silly message
 23176 | Swamp:2  | Killed a thorn hunter
 23178 | Swamp:2  | Reached skill level 18 in Unarmed Combat
 23225 | Swamp:3  | Reached XP level 17. HP: 213/216 MP: 16/16
 23264 | Swamp:3  | XOM: noise
 23271 | Swamp:2  | XOM: potion effect (haste)
 23398 | Swamp:3  | XOM: summons 2 friendly demons
 23401 | Swamp:3  | XOM: confusion (+ monsters)
 23431 | Swamp:3  | XOM: 2-stop teleportation journey
 23448 | Swamp:3  | XOM: confuse monster(s)
 23729 | Swamp:3  | Found a runed translucent gate.
 23729 | Swamp:3  | Found a runed translucent gate.
 23730 | Swamp:3  | Found a runed translucent gate.
 23730 | Swamp:3  | Noticed asti's ghost (journeyman MiBe)
 23731 | Swamp:3  | Noticed Iffuusoj's ghost (adept MiBe)
 23986 | Swamp:3  | XOM is BORED!
 24009 | Swamp:4  | Entered Level 4 of the Swamp
 24011 | Swamp:4  | XOM: divination: detect items
 24190 | Swamp:4  | Noticed a tentacled monstrosity
 24195 | Swamp:4  | Killed a tentacled monstrosity
 24196 | Swamp:4  | XOM: confuse monster(s)
 24197 | Swamp:4  | XOM: silly message
 24198 | Swamp:4  | Reached skill level 19 in Unarmed Combat
 24354 | Swamp:4  | XOM: smoke on damage
 24536 | Swamp:4  | XOM: potion effect (berserk rage)
 24582 | Swamp:4  | Identified the +6 sling of the Incandescent {freeze, Will+}
 24726 | Swamp:4  | XOM: divination: magic mapping
 24813 | Swamp:4  | XOM: give mutations
 24813 | Swamp:4  | Lost mutation: You are mostly covered in iridescent scales.
                  | (AC +4) [Xom's mischief]
 24813 | Swamp:4  | Lost mutation: Your movements are less encumbered by
                  | armour. (ER -4) [Xom's mischief]
 24813 | Swamp:4  | Lost mutation: You are very robust. (+20% HP) [Xom's
                  | mischief]
 24822 | Swamp:4  | XOM: enchant monster (bad)
 24825 | Swamp:4  | XOM: swap monsters
 24877 | Swamp:4  | XOM: enchant monster (bad)
 24890 | Swamp:4  | XOM: cast spell 'Leda's Liquefaction'
 24926 | Swamp:4  | XOM: destruction
 24975 | Swamp:4  | XOM: potion effect (berserk rage)
 25002 | Swamp:4  | Reached skill level 20 in Unarmed Combat
 25113 | Swamp:4  | Paralysed by a vampire knight for 3 turns
 25119 | Swamp:4  | Paralysed by a vampire knight for 4 turns
 25194 | Swamp:4  | XOM: give mutations
 25194 | Swamp:4  | Gained mutation: You have hidden genetic potential. [Xom's
                  | grace]
 25194 | Swamp:4  | Gained mutation: You have a moderately thin skeletal
                  | structure. (Dex +4, Stealth++) [Xom's grace]
 25194 | Swamp:4  | Lost mutation: You have sharp toenails. [Xom's grace]
 25194 | Swamp:4  | Gained mutation: You have large cloven feet. [Xom's grace]
 25194 | Swamp:4  | Gained mutation: Your mind is acute. (Int +4, Str/Dex -1)
                  | [Xom's grace]
 25383 | Swamp:4  | XOM: summons 2 friendly demons
 25447 | Swamp:4  | Reached skill level 5 in Armour
 25447 | Swamp:4  | Found a blossoming altar of Fedhas.
 25470 | Swamp:4  | XOM: scenery: create altars
 25476 | Swamp:4  | XOM: smoke on damage
 25543 | Swamp:3  | XOM: 4-stop teleportation journey
 25767 | Swamp:4  | Got a decaying rune of Zot
 25786 | Swamp:4  | Found a basalt altar of Yredelemnul.
 25947 | Spider:1 | Entered Level 1 of the Spider Nest
 26097 | Spider:1 | XOM: enchant monster (good)
 26251 | Lair:1   | XOM: god gift: scroll of teleportation
 26298 | D:6      | XOM: silly message
 26398 | D:2      | Bought a manual of Evocations for 960 gold pieces
 26637 | Lair:3   | XOM: silly message
 26799 | Spider:1 | Found a transporter.
 26801 | Spider:1 | Noticed Gifaivo's ghost (journeyman DECj)
 26823 | Spider:1 | Found a transporter.
 27442 | Spider:2 | XOM: polymorph radroach -> shapeshifter
 27611 | D:8      | XOM: scenery: summon butterflies
 27709 | D:5      | XOM: divination: magic mapping
 27816 | D:9      | Killed Newt's ghost
 27817 | D:9      | Identified the +2 morningstar of Equilibrium {speed, rElec
                  | rF+ Int-3}
 27897 | D:10     | Killed baal32's ghost
 27900 | D:10     | Reached XP level 18. HP: 171/210 MP: 17/17
 28268 | Lair:3   | XOM: polymorph spriggan rider -> spark wasp
 28276 | Lair:3   | Killed Tollund's ghost
 28559 | Spider:2 | XOM: divination: magic mapping
 28569 | Spider:2 | XOM: confuse monster(s)
 28572 | Spider:2 | Reached skill level 5 in Evocations
 28581 | Spider:1 | XOM: summons 3 friendly demons
 28622 | Spider:2 | XOM: confuse monster(s)
 28670 | Spider:2 | XOM: repel stairs
 28672 | Spider:2 | XOM: cleaving
 28799 | Spider:2 | XOM: silly message
 28883 | Spider:2 | Reached skill level 15 in Fighting
 29163 | Spider:2 | XOM: give mutations
 29163 | Spider:2 | Lost mutation: Your mind is acute. (Int +4, Str/Dex -1)
                  | [Xom's mischief]
 29163 | Spider:2 | Gained mutation: You occasionally shout uncontrollably at
                  | your foes. [Xom's mischief]
 29414 | Spider:2 | XOM: enchant monster (bad)
 29419 | Spider:2 | XOM: cleaving
 29425 | Spider:2 | Paralysed by a jorogumo for 2 turns
 29799 | Spider:3 | XOM: smoke on damage
 29955 | Spider:3 | XOM: draining
 30083 | Spider:3 | XOM: cleaving
 30299 | Spider:3 | XOM: give mutations
 30299 | Spider:3 | Gained mutation: You have a pair of small horns on your
                  | head. [Xom's grace]
 30299 | Spider:3 | Gained mutation: You are agile. (Dex +4, Str/Int -1) [Xom's
                  | grace]
 30498 | Spider:4 | Entered Level 4 of the Spider Nest
 30734 | Spider:4 | XOM: cast spell 'Death Channel'
 30776 | Spider:3 | XOM: give mutations
 30776 | Spider:3 | Gained mutation: You possess an exceptional clarity of
                  | mind. [Xom's grace]
 30776 | Spider:3 | Gained mutation: You expend magic power (3 MP) to
                  | strengthen your wands. [Xom's grace]
 30776 | Spider:3 | Gained mutation: Your spells are harder to cast, but more
                  | powerful. [Xom's grace]
 30776 | Spider:3 | Gained mutation: Your mind is acute. (Int +4, Str/Dex -1)
                  | [Xom's grace]
 30967 | Spider:4 | XOM: god gift: 1014 gold pieces
 31286 | Spider:4 | XOM: smoke on damage
 31371 | Spider:4 | XOM: confuse monster(s)
 31714 | Spider:4 | XOM: blink monster(s)
 31887 | Spider:4 | XOM: summons friendly quasit
 32069 | Spider:4 | XOM: polymorph orb spider -> swamp dragon
 32093 | Spider:4 | XOM: noise
 32232 | Spider:4 | Got a gossamer rune of Zot
 32679 | Elf:1    | Entered Level 1 of the Elven Halls
 32690 | Elf:1    | Reached XP level 19. HP: 214/224 MP: 18/18
 32699 | Elf:1    | XOM: chaos upgrade
 32703 | Elf:1    | XOM: blink monster(s)
 32880 | Elf:1    | XOM: enchant monster (good)
 33099 | Elf:1    | XOM: summons friendly crimson imp
 33166 | Elf:1    | XOM: silly message
 33626 | Elf:1    | XOM: cloud trail
 33629 | Elf:1    | You fall into a shaft and drop 1 floor!
 33634 | Elf:2    | XOM: polymorph deep elf knight -> deep troll
 33639 | Elf:2    | Reached skill level 10 in Evocations
 33741 | Elf:2    | XOM: summons friendly iron imp
 33955 | Elf:2    | Found a runed translucent gate.
 33956 | Elf:2    | Found a runed translucent gate.
 33957 | Elf:2    | Found a runed translucent gate.
 34302 | Elf:2    | Found Umases's Weapon Shop.
 34337 | Elf:2    | XOM: divination: detect items
 34338 | Elf:2    | XOM: divination: detect creatures
 34341 | Elf:2    | XOM: scenery: 1 doors open
 34353 | Elf:2    | Gained mutation: You are mostly covered in iridescent
                  | scales. (AC +4) [hidden potential]
 34373 | Elf:2    | XOM: 3-stop teleportation journey
 34419 | Elf:2    | Reached skill level 10 in Armour
 34429 | Elf:2    | XOM: god gift: Xom's Precepts of Distant Shores {god gift}
 34432 | Elf:2    | Got Xom's Precepts of Distant Shores {god gift}
 34453 | Elf:2    | XOM: divination: detect creatures
 34926 | Elf:2    | XOM: give mutations
 34926 | Elf:2    | Gained mutation: You are highly strong-willed. (Will++)
                  | [Xom's grace]
 34926 | Elf:2    | Gained mutation: Your system is resistant to poisons.
                  | (rPois) [Xom's grace]
 34926 | Elf:2    | Gained mutation: You are extremely strong-willed. (Will+++)
                  | [Xom's grace]
 34926 | Elf:2    | Gained mutation: You have hoof-like feet. [Xom's grace]
 35051 | Elf:3    | Entered Level 3 of the Elven Halls
 35168 | Elf:3    | XOM: draining
 35399 | Elf:3    | Identified the ring "Ikkoga" {rElec Dex+6}
 35834 | Elf:3    | Found Cek Aqof's Book Boutique.
 35942 | Elf:3    | XOM: give mutation
 35942 | Elf:3    | Gained mutation: You have great hidden genetic potential.
                  | [Xom's grace]
 35963 | Elf:3    | XOM: summons 2 friendly demons
 35964 | Elf:3    | XOM: give mutations
 35964 | Elf:3    | Gained mutation: You are covered in thick fur. (AC +2)
                  | [Xom's grace]
 35964 | Elf:3    | Gained mutation: You are very robust. (+20% HP) [Xom's
                  | grace]
 35964 | Elf:3    | Gained mutation: Your mind is very acute. (Int +8, Str/Dex
                  | -2) [Xom's grace]
 35971 | Elf:3    | XOM: scenery: create altars
 36578 | Vaults:1 | XOM: stealth player
 36578 | Vaults:1 | Entered Level 1 of the Vaults
 36649 | Vaults:1 | Found Qedghu's Jewellery Shop.
 36649 | Vaults:1 | XOM: divine lightning
 36925 | Vaults:1 | XOM: fog
 36934 | Vaults:1 | Reached skill level 1 in Shields
 36940 | Vaults:1 | XOM: destruction
 36944 | Vaults:1 | XOM: enchant monster (good)
 37087 | Vaults:1 | XOM: 1-stop teleportation journey
 37092 | Vaults:1 | Reached XP level 20. HP: 244/258 MP: 19/19
 37160 | Vaults:1 | XOM: enchant monster (good)
 37177 | Vaults:1 | Reached skill level 5 in Shields
 37480 | Vaults:1 | XOM: blink monster(s)
 37510 | Vaults:1 | HP: 11/258 [ettin/+0 dire flail (42)]
 37794 | Vaults:1 | XOM: noise
 37797 | Vaults:1 | Found Tulariazu's Weapon Boutique.
 37860 | Vaults:1 | Identified the +2 bardiche of the Shrinking Eel {flame,
                  | Str+3}
 37945 | Vaults:1 | XOM: summons friendly ufetubus
 38037 | Vaults:1 | Gained mutation: You have a pair of horns on your head.
                  | [hidden potential]
 38037 | Vaults:1 | Lost mutation: You have great hidden genetic potential.
                  | [hidden potential expressed]
 38122 | Vaults:1 | XOM: silly message
 38346 | Vaults:1 | XOM: enchant monster (good)
 38540 | Vaults:2 | XOM: cloud trail
 38597 | Vaults:2 | XOM: confuse monster(s)
 38601 | Vaults:2 | XOM: cast spell 'Call Canine Familiar'
 38663 | Vaults:2 | XOM: noise
 38699 | Vaults:2 | XOM: silly message
 38824 | Vaults:2 | XOM: silly message
 38846 | Vaults:2 | Noticed a bone dragon
 38859 | Vaults:2 | Killed a bone dragon
 38882 | Vaults:2 | Found a staircase to the Crypt.
 39172 | Vaults:2 | Reached skill level 1 in Transmutations
 39374 | Vaults:2 | Reached skill level 10 in Shields
 39573 | Vaults:2 | Learned a level 2 spell: Wereblood
 39626 | Vaults:2 | XOM: noise
 39749 | Vaults:2 | XOM: cloud trail
 39862 | Vaults:2 | XOM: 8-stop teleportation journey
 40097 | Vaults:2 | You fall into a shaft and drop 1 floor!
 40517 | Vaults:2 | XOM: god gift: 44 gold pieces
 40558 | Vaults:2 | Found Lamej's Book Shoppe.
 40877 | Vaults:2 | XOM: give mutations
 40877 | Vaults:2 | Lost mutation: Your system is resistant to poisons. (rPois)
                  | [Xom's mischief]
 40877 | Vaults:2 | Lost mutation: You have a moderately thin skeletal
                  | structure. (Dex +4, Stealth++) [Xom's mischief]
 40877 | Vaults:2 | Lost mutation: You have a somewhat thin skeletal structure.
                  | (Dex +2, Stealth+) [Xom's mischief]
 41024 | Vaults:3 | XOM: summons 3 friendly demons
 41095 | Vaults:3 | XOM: polymorph deep troll -> shapeshifter
 41113 | Vaults:3 | XOM: god gift: 5 stones
 41139 | Vaults:3 | XOM: confuse monster(s)
 41144 | Vaults:3 | Reached XP level 21. HP: 259/267 MP: 20/20
 41150 | Vaults:3 | XOM: summons 16 friendly demons
 41162 | Vaults:3 | Reached skill level 5 in Transmutations
 41195 | Vaults:3 | XOM: god gift: 6 stones
 41229 | Vaults:3 | Found a runed translucent gate.
 41230 | Vaults:3 | Found a runed translucent gate.
 41230 | Vaults:3 | Found a runed translucent gate.
 41230 | Vaults:3 | Noticed Kevimi's ghost (adept FeNe)
 41302 | Vaults:3 | XOM: god gift: embroidered cloak {god gift}
 41784 | Vaults:3 | XOM: enchant monster (bad)
 42223 | Vaults:4 | XOM: summons friendly quasit
 42232 | Vaults:4 | XOM: swap monsters
 42299 | Vaults:4 | XOM: 3-stop teleportation journey
 42314 | Vaults:4 | XOM: noise
 42358 | Vaults:4 | Noticed Boris
 42362 | Vaults:4 | XOM: cleaving
 42368 | Vaults:4 | Killed Boris
 42928 | Vaults:4 | XOM: blink monster(s)
 43009 | Vaults:4 | XOM: give mutation
 43009 | Vaults:4 | Lost mutation: You have a pair of horns on your head.
                  | [Xom's mischief]
 43012 | Vaults:4 | XOM: summons 6 friendly demons
 43089 | Vaults:4 | XOM: 2-stop teleportation journey
 43096 | Vaults:4 | XOM: blink monster(s)
 43106 | Vaults:4 | XOM: noise
 43241 | Vaults:4 | XOM: 1-stop teleportation journey
 43246 | Vaults:4 | Reached skill level 5 in Dodging
 43317 | Vaults:4 | XOM: chaos cloud
 43319 | Vaults:4 | Paralysed by you for 4 turns
 43323 | Vaults:4 | HP: 6/267 [titanic slime creature (43)]
 43443 | Vaults:4 | XOM: give mutation
 43443 | Vaults:4 | Lost mutation: You expend magic power (3 MP) to strengthen
                  | your wands. [Xom's mischief]
 43544 | Vaults:4 | XOM: confuse monster(s)
 43828 | Vaults:4 | XOM: silly message
 44243 | Vaults:4 | XOM: cast spell 'Summon Hydra'
 44538 | Elf:3    | XOM: fog
 44726 | Elf:3    | XOM: polymorph deep elf annihilator -> iron troll
 44732 | Elf:3    | Reached skill level 1 in Spellcasting
 44732 | Elf:3    | XOM: divination: magic mapping
 44744 | Elf:3    | Identified the ring "Curor" {Fire Int+3}
 44757 | Elf:3    | Reached XP level 22. HP: 140/280 MP: 21/23
 44762 | Elf:3    | XOM: enchant monster (bad)
 44791 | Elf:3    | Identified the +4 short sword "Ixkuw Fab" {vamp, Str+3}
 45223 | Elf:3    | Got the Folio of Indurated Striking
 45276 | Elf:3    | Identified the +2 ring mail of Sunlight {Will+ Dex+4
                  | Slay-4}
 45386 | Elf:3    | XOM: cloud trail
 45620 | Depths:1 | Entered Level 1 of the Depths
 45637 | Depths:1 | XOM: divination: magic mapping
 45800 | Depths:1 | XOM: 1-stop teleportation journey
 45890 | Depths:2 | Found a white marble altar of Elyvilon.
 45923 | Depths:2 | Noticed an ancient lich
 46019 | Depths:2 | XOM: summons 2 hostile shadow creatures
 46124 | Depths:2 | XOM: 4-stop teleportation journey
 46139 | Depths:2 | XOM: 2-stop teleportation journey
 46143 | Abyss:4  | Cast into level 4 of the Abyss (Xom)
 46152 | Abyss:4  | XOM: potion effect (invisibility)
 46161 | Abyss:4  | XOM: potion effect (haste)
 46170 | Abyss:4  | Gained mutation: You are partially covered in large bone
                  | plates. (SH +4) [hidden potential]
 46191 | Abyss:4  | XOM: silly message
 46244 | Abyss:4  | XOM: silly message
 46312 | Abyss:4  | Learned a level 2 spell: Passwall
 46345 | Abyss:4  | Paralysed by an air elemental for 1 turns
 46445 | Abyss:4  | XOM: divination: detect items
 46455 | Abyss:4  | XOM: summons friendly ufetubus
 46464 | Depths:2 | Escaped the Abyss
 46480 | Depths:2 | Reached skill level 1 in Earth Magic
 46488 | Depths:2 | Killed an ancient lich
 46786 | Depths:2 | Found a one-way gate leading to the halls of Pandemonium.
 46794 | Depths:3 | XOM: enchant monster (good)
 47093 | Depths:2 | XOM: destruction
 47118 | Depths:2 | Noticed Mara
 47134 | Depths:2 | Killed Mara
 47285 | Depths:2 | Found Imisegai's Antique Armour Boutique.
 47289 | Depths:2 | Found Borryeho's Book Shop.
 47290 | Depths:2 | Found Dickiet's Antique Armour Boutique.
 47295 | Depths:2 | Bought an embroidered hat for 189 gold pieces
 47367 | Depths:2 | XOM: give mutations
 47367 | Depths:2 | Lost mutation: You are very robust. (+20% HP) [Xom's
                  | mischief]
 47367 | Depths:2 | Lost mutation: You are partially covered in large bone
                  | plates. (SH +4) [Xom's mischief]
 47514 | Depths:2 | Found a gateway to Hell.
 47520 | Depths:2 | Found a one-way gate to the infinite horrors of the Abyss.
 47525 | Depths:2 | XOM: enchant monster (good)
 47531 | Depths:2 | XOM: blink monster(s)
 47540 | Depths:2 | XOM: polymorph deep troll -> eye of devastation
 47550 | Depths:2 | XOM: confuse monster(s)
 47766 | Depths:1 | XOM: scenery: 1 doors close
 47857 | Depths:1 | Reached skill level 15 in Shields
 47861 | Depths:1 | XOM: summons 2 hostile shadow creatures
 47898 | Depths:1 | XOM: summons 3 hostile demons
 47900 | Depths:1 | Reached skill level 21 in Unarmed Combat
 47903 | Depths:1 | XOM: smoke on damage
 47913 | Depths:1 | Reached XP level 23. HP: 138/265 MP: 24/26
 47914 | Depths:1 | XOM: cleaving
 48029 | D:14     | XOM: give mutations
 48029 | D:14     | Lost mutation: Your mind is very acute. (Int +8, Str/Dex
                  | -2) [Xom's mischief]
 48029 | D:14     | Lost mutation: You are robust. (+10% HP) [Xom's mischief]
 48029 | D:14     | Lost mutation: Your movements are slightly less encumbered
                  | by armour. (ER -2) [Xom's mischief]
 48341 | Depths:1 | XOM: enchant monster (good)
 48435 | Depths:1 | XOM: summons 9 friendly demons
 48445 | Depths:1 | XOM: divination: magic mapping
 48451 | Depths:1 | XOM: fog
 48611 | Depths:1 | XOM: confuse monster(s)
 48613 | Depths:1 | XOM: summons friendly shadow imp
 48614 | Depths:1 | XOM: polymorph shadow imp -> quasit
 48615 | Depths:1 | XOM: fog
 48683 | Depths:1 | XOM: give mutation
 48683 | Depths:1 | Lost mutation: Your flesh is heat resistant. (rF+) [Xom's
                  | mischief]
 48702 | Depths:1 | XOM: summons 2 hostile shadow creatures
 48815 | Depths:1 | Found Vecanema's Jewellery Boutique.
 48816 | Depths:1 | Found Boffix's Book Shoppe.
 48816 | Depths:1 | Found Dafaull's Book Shoppe.
 49071 | Depths:2 | XOM: enchant monster (bad)
 49143 | Depths:2 | XOM: summons 7 hostile demons
 49431 | Depths:3 | XOM: confuse monster(s)
 49447 | Depths:3 | XOM: confuse monster(s)
 49451 | Depths:3 | XOM: confuse monster(s)
 49604 | Depths:3 | Found a one-way gateway to a ziggurat.
 49621 | Depths:3 | XOM: draining
 49626 | Depths:3 | XOM: scenery: create altars
 49642 | Depths:3 | Reached skill level 5 in Earth Magic
 49644 | Depths:3 | Gained mutation: You passively dampen the noise of your
                  | surroundings. [hidden potential]
 49644 | Depths:3 | Lost mutation: You have hidden genetic potential. [hidden
                  | potential expressed]
 49675 | Depths:3 | Paralysed by a floating eye for 4 turns
 49718 | Depths:3 | Found a runed translucent gate.
 49718 | Depths:3 | Found a runed translucent gate.
 49718 | Depths:3 | Found a runed translucent gate.
 49718 | Depths:3 | Noticed Gucom's ghost (veteran GnFi)
 49750 | Depths:3 | XOM: summons 16 friendly demons
 50654 | Swamp:2  | XOM: god gift: staff of poison
 50695 | Swamp:3  | Killed asti's ghost
 50698 | Swamp:3  | Killed Iffuusoj's ghost
 50710 | Swamp:3  | Identified the +6 bardiche of Chaos {flame, rF+ Will- rCorr
                  | Stlth+}
 51085 | Spider:1 | Killed Gifaivo's ghost
 51188 | Spider:1 | XOM: give mutations
 51188 | Spider:1 | Gained mutation: You expend magic power (3 MP) to
                  | strengthen your wands. [Xom's grace]
 51188 | Spider:1 | Gained mutation: You are robust. (+10% HP) [Xom's grace]
 51188 | Spider:1 | Gained mutation: You have a pair of horns on your head.
                  | [Xom's grace]
 51397 | Orc:2    | XOM: cloud trail
 51516 | Elf:3    | Bought a manual of Earth Magic for 1040 gold pieces
 51648 | Orc:1    | Bought a potion of mutation for 96 gold pieces
 51648 | Orc:1    | Bought a potion of mutation for 96 gold pieces
 51815 | Lair:5   | XOM: potion effect (invisibility)
 51829 | Slime:1  | Entered Level 1 of the Pits of Slime
 51854 | Slime:1  | XOM: polymorph slime creature -> glowing orange brain
 51869 | Slime:1  | XOM: enchant monster (good)
 51942 | Slime:1  | XOM: potion effect (brilliance)
 52060 | Slime:1  | XOM: god gift: 20 gold pieces
 52290 | Slime:2  | XOM: noise
 52505 | Slime:3  | XOM: chaos cloud
 52519 | Slime:3  | XOM: polymorph slime creature -> swamp dragon
 52534 | Slime:3  | Reached skill level 22 in Unarmed Combat
 52629 | Slime:3  | Lost mutation: You are agile. (Dex +4, Str/Int -1) [a
                  | shining eye]
 52637 | Slime:3  | Gained mutation: You are occasionally teleported next to
                  | monsters. [a shining eye]
 52653 | Slime:2  | XOM: give mutation
 52653 | Slime:2  | Lost mutation: You are covered in thick fur. (AC +2) [Xom's
                  | mischief]
 52655 | Slime:2  | XOM: draining
 52657 | Slime:2  | XOM: enchant monster (bad)
 52701 | Slime:3  | XOM: give mutations
 52701 | Slime:3  | Lost mutation: You occasionally shout uncontrollably at
                  | your foes. [Xom's mischief]
 52701 | Slime:3  | Lost mutation: Your mind is acute. (Int +4, Str/Dex -1)
                  | [Xom's mischief]
 52701 | Slime:3  | Lost mutation: You are extremely strong-willed. (Will+++)
                  | [Xom's mischief]
 52701 | Slime:3  | Lost mutation: You are mostly covered in iridescent scales.
                  | (AC +4) [Xom's mischief]
 52703 | Slime:3  | XOM: summons 4 hostile demons
 52780 | Slime:3  | XOM: give mutations
 52780 | Slime:3  | Lost mutation: You are partially covered in iridescent
                  | scales. (AC +2) [Xom's mischief]
 52780 | Slime:3  | Lost mutation: You expend magic power (3 MP) to strengthen
                  | your wands. [Xom's mischief]
 52780 | Slime:3  | Gained mutation: You are weak. (Str -2) [Xom's mischief]
 52780 | Slime:3  | Lost mutation: You are occasionally teleported next to
                  | monsters. [Xom's mischief]
 52781 | Slime:3  | XOM: stat loss: -1 Int (9/10)
 52826 | Slime:3  | XOM: repel stairs
 52886 | Slime:4  | XOM: stealth player
 53035 | Slime:4  | Gained mutation: You are very weak. (Str -4) [a shining
                  | eye]
 53053 | Slime:5  | Entered Level 5 of the Pits of Slime
 53082 | Slime:4  | XOM: summons friendly shadow imp
 53104 | Slime:4  | Reached skill level 10 in Transmutations
 53186 | Slime:5  | XOM: divination: detect items
 53229 | Slime:5  | XOM: silly message
 53426 | Slime:5  | XOM: summons 1 hostile demon
 53439 | Slime:5  | Gained mutation: You occasionally lose the ability to read
                  | scrolls when taking damage. [a shining eye]
 53450 | Slime:5  | XOM: 3-stop teleportation journey
 53505 | Slime:5  | Found a viscous altar of Jiyva.
 53505 | Slime:5  | Noticed the Royal Jelly
 53522 | Slime:5  | Killed the Royal Jelly
 53523 | Slime:5  | Reached skill level 10 in Earth Magic
 53523 | Slime:5  | Reached XP level 24. HP: 174/275 MP: 13/26
 53811 | Slime:5  | XOM: give mutations
 53811 | Slime:5  | Gained mutation: You expend magic power (3 MP) to
                  | strengthen your wands. [Xom's grace]
 53811 | Slime:5  | Gained mutation: You have supernaturally acute eyesight.
                  | (SInv) [Xom's grace]
 53811 | Slime:5  | Gained mutation: You are very robust. (+20% HP) [Xom's
                  | grace]
 53854 | Slime:5  | Got a slimy rune of Zot
 53864 | Slime:5  | XOM: potion effect (haste)
 53916 | Slime:5  | Identified the +7 long sword of Emich {vamp, *Noise rPois
                  | rCorr Str-2}
 53945 | Slime:5  | Identified the +4 troll leather armour of the Maze {Harm
                  | Regen+ Str+3 Dex+3}
 54021 | Slime:5  | XOM: 5-stop teleportation journey
 54030 | Slime:5  | XOM: cloud trail
 54313 | Slime:5  | XOM: scenery: summon butterflies
 54817 | Depths:4 | Entered Level 4 of the Depths
 55092 | Depths:4 | Noticed Boris
 55125 | Depths:4 | Killed Boris
 55142 | Depths:4 | XOM: repel stairs
 55575 | Depths:4 | XOM: 1-stop teleportation journey
 55580 | Depths:4 | XOM: give mutation
 55580 | Depths:4 | Lost mutation: You have supernaturally acute eyesight.
                  | (SInv) [Xom's mischief]
 55596 | Depths:4 | XOM: divination: detect items
 55821 | Depths:4 | Found a radiant altar of Vehumet.
 55855 | Depths:4 | Found Asowis's Jewellery Emporium.
 55922 | Depths:4 | Found a gate to the Realm of Zot.
 56009 | Zot:1    | Entered Level 1 of the Realm of Zot
 56034 | Zot:1    | XOM: polymorph tentacled monstrosity -> tentacled
                  | monstrosity
 56061 | Zot:1    | XOM: give mutations
 56061 | Zot:1    | Lost mutation: You have hoof-like feet. [Xom's mischief]
 56061 | Zot:1    | Lost mutation: You occasionally lose the ability to read
                  | scrolls when taking damage. [Xom's mischief]
 56116 | Zot:1    | XOM: cast spell 'Summon Dragon'
 56268 | Zot:1    | Learned a level 4 spell: Manifold Assault
 56399 | Zot:1    | XOM: blink monster(s)
 56400 | Zot:1    | XOM: repel stairs
 56555 | Zot:1    | XOM: silly message
 56877 | Zot:2    | Found the +4 dragonskin cloak
 56877 | Zot:2    | Noticed Tiamat
 56902 | Zot:2    | XOM: scenery: create altars
 56909 | Zot:2    | XOM: noise
 56912 | Zot:2    | Tiamat changed into Tiamat the shard shrike
 56912 | Zot:2    | Noticed Tiamat
 56912 | Zot:2    | XOM: polymorph Tiamat -> Tiamat the shard shrike
 57046 | Zot:2    | XOM: cloud trail
 57617 | Zot:2    | XOM: cloud trail
 57683 | Zot:2    | XOM: scenery: summon butterflies
 57731 | Zot:2    | XOM: fog
 57739 | Zot:1    | Killed Tiamat the shard shrike
 57883 | Zot:2    | XOM: fog
 57897 | Zot:2    | XOM: confuse monster(s)
 58038 | Zot:2    | XOM: give mutations
 58038 | Zot:2    | Gained mutation: You are extremely strong-willed. (Will+++)
                  | [Xom's grace]
 58038 | Zot:2    | Gained mutation: Your flesh is heat resistant. (rF+) [Xom's
                  | grace]
 58059 | Zot:2    | XOM: potion effect (invisibility)
 58454 | Depths:2 | Bought a book of Spatial Translocations for 414 gold pieces
 58457 | Depths:2 | Learned a level 2 spell: Blink
 58499 | Depths:4 | XOM: cloud trail
 58535 | Zot:3    | XOM: stealth player
 58581 | Zot:3    | Reached skill level 1 in Translocations
 58774 | Zot:3    | XOM: potion effect (berserk rage)
 59029 | Zot:3    | Reached XP level 25. HP: 259/318 MP: 24/26
 59379 | Zot:3    | XOM: 4-stop teleportation journey
 59381 | Zot:3    | XOM: divination: detect items
 59385 | Zot:3    | XOM: silly message
 59421 | Zot:3    | XOM: divination: detect items
 59569 | Zot:3    | XOM: silly message
 59585 | Zot:3    | XOM: silly message
 59681 | Zot:3    | XOM: potion effect (haste)
 59688 | Zot:3    | XOM: enchant monster (good)
 59692 | Zot:3    | XOM: cleaving
 60066 | Zot:3    | Identified the ring "Sihaips" {Ice *Slow rCorr Str+3 SInv
                  | Stlth+} (Xom gifted it to you on level 3 of the Realm of
                  | Zot)
 60066 | Zot:3    | XOM: god gift: ring "Sihaips" {Ice *Slow rCorr Str+3 SInv
                  | Stlth+}
 60128 | Zot:3    | Identified the +5 giant spiked club "Fivuf" {holy, rPois
                  | Dex+2 SInv}
 60178 | Zot:3    | XOM: scenery: 2 fountains blood, 2 doors close
 60220 | Zot:3    | XOM: scenery: 2 doors close
 60227 | Zot:3    | XOM: enchant monster (good)
 60246 | Zot:3    | XOM: enchant monster (good)
 60373 | Zot:3    | XOM: scenery: 2 doors close
 60554 | Zot:3    | XOM: chaos cloud
 60700 | Zot:3    | XOM: stat loss: -1 Dex (14/15)
 60751 | Zot:4    | XOM: butterfly on damage
 60844 | Zot:3    | XOM: silly message
 61077 | Zot:4    | XOM: swap monsters
 61167 | Zot:4    | XOM: enchant monster (good)
 61785 | Zot:4    | XOM: swap monsters
 61929 | Zot:4    | XOM: swap monsters
 61988 | Zot:4    | XOM: 1-stop teleportation journey
 62029 | Zot:4    | Found a runed translucent gate.
 62029 | Zot:4    | Found a runed translucent gate.
 62030 | Zot:4    | Found a runed translucent gate.
 62030 | Zot:4    | Found an ancient bone altar of Kikubaaqudgha.
 62030 | Zot:4    | Noticed an ancient lich
 62030 | Zot:4    | Noticed an ancient lich
 62030 | Zot:4    | Noticed a dread lich
 62030 | Zot:4    | Noticed Zeaxzic Paph's ghost (veteran OgBe)
 62030 | Zot:4    | Noticed an ancient lich
 62133 | Zot:4    | XOM: summons 7 hostile demons
 62138 | Zot:4    | XOM: give mutations
 62138 | Zot:4    | Lost mutation: Your spells are harder to cast, but more
                  | powerful. [Xom's mischief]
 62138 | Zot:4    | Lost mutation: A frigid envelope surrounds you and freezes
                  | all who hurt you. [Xom's mischief]
 62138 | Zot:4    | Lost mutation: You have large cloven feet. [Xom's mischief]
 62166 | Zot:4    | XOM: cloud trail
 62246 | Zot:5    | Entered Level 5 of the Realm of Zot
 62270 | Zot:5    | Noticed a Killer Klown
 62273 | Zot:5    | Killed a Killer Klown
 62282 | Zot:5    | XOM: divination: detect creatures
 62293 | Zot:5    | XOM: silly message
 62459 | Zot:5    | XOM: silly message
 62836 | Zot:5    | XOM: divination: detect items
 62997 | Zot:5    | XOM: butterfly on damage
 63029 | Zot:5    | Noticed a dread lich
 63029 | Zot:5    | Noticed a Killer Klown
 63029 | Zot:5    | XOM: 3-stop teleportation journey
 63030 | Zot:5    | Noticed a Killer Klown
 63031 | Zot:5    | Noticed an orb of fire
 63047 | Zot:5    | HP: 14/320 [death cob (17)]
 63047 | Zot:5    | Mangled by a death cob

Illustrated notes

Levels and vault maps discovered:
D:1:      dpeg_arrival_rhombi, layout_basic, serial_forest,
          infiniplex_forest_end_2, infiniplex_forest_clump_cross,
          infiniplex_forest_zigzag_1, infiniplex_forest_clump_C,
          minmay_misc_feat_nine_boxes
D:2:      layout_basic, nicolae_shop_vocational, uniq_crazy_yiuf_cottage
D:3:      layout_loops_corners
D:4:      layout_loops_ring, grunt_temple_overflow_cloverleaf,
          minmay_manual_monolith
D:5:      gammafunk_cloud_chamber, layout_basic, overflow_temple_1_default,
          minmay_temple_entry_gardened_gates, chequers_serial_rivers_micro_c
D:6:      layout_basic, nicolae_uskayaw_en_pointe, portal_sewer_entry_d,
          grunt_ministairs_2, minmay_ogre_servants, uniq_pikel,
          uniq_prince_ribbit1
D:7:      layout_rooms, uniq_duvessa
D:8:      layout_cave_pools, hellmonk_lair_entry_icy, serial_bayou_crossing,
          uniq_joseph
D:9:      layout_stronghold, mainiacjoe_overflow_24_doors, bloody_makhleb,
          ebering_ghost_xom, uniq_psyche
D:10:     layout_loops_ring, doesnt_xom_only_xom, serial_shops, shop,
          gammafunk_ghost_smash, nicolae_shop_self_help
D:11:     layout_roguey, zombieorc2_lemuel, minmay_statue_bubble
D:12:     layout_roguey
D:13:     layout_gridville, nicolae_trove_entry_crystal, serial_bayou_lagoon_a,
          lemuel_old_faithful
D:14:     layout_roguey, david_vaults_5, uniq_frances
D:15:     grunt_enter_depths_hoard, layout_cave_pools,
          nicolae_qazlal_eye_of_the_storm, st_stairs_14, uniq_jorgrun,
          uniq_rupert
Temple:   nicolae_temple_bog_church
Lair:1:   layout_cave_pods
Lair:2:   layout_layer_cave, grunt_megastairs_3
Lair:3:   layout_loops_ring, palyth_hydra_swamp_entry,
          hellmonk_spider_entry_not_the_bees, gammafunk_ghost_wrathful_warriors,
          serial_bayou_pond_b, uniq_fannar
Lair:4:   layout_cave_shapes, lemuel_fruit_tree, serial_bayou_shore_a,
          infiniplex_staircase_pool
Lair:5:   minmay_lair_end_enchanted_forest, layout_concentric_octagons,
          minmay_slime_entry_oklob_open, uniq_josephine
Swamp:1:  layout_falls_marsh, serial_swamp_ruin, evilmike_swamp_ruin_house_2,
          evilmike_swamp_ruin_house_4, evilmike_swamp_ruin_rubble_1,
          uniq_roxanne, uniq_mlioglotl
Swamp:2:  layout_basic_swamp, nicolae_swamp_little_swirl, swamp_pool4
Swamp:3:  layout_basic_swamp, gammafunk_ghost_cemetery,
          evilmike_swamp_ruin_house_1
Swamp:4:  byrel_swamp_growth_death_and_undeath, layout_basic_swamp, swamp_pool5,
          nicolae_swamp_frolicking_bunyips
Spider:1: layout_spider_delve, nzn_ghost_randoct
Spider:2: layout_spider_delve
Spider:3: nicolae_spider_mines_1
Spider:4: grunt_spider_rune_parallel
Slime:1:  layout_caves, cheibrodos_slime_lost_civilization_5
Slime:2:  layout_caves, nicolae_slime_barrier
Slime:3:  layout_caves
Slime:4:  layout_caves
Slime:5
Orc:1:    layout_caves, serial_shops, shop, mines2_david
Orc:2:    grunt_orc_gardens, layout_diamond_mine, grunt_orc_garden,
          grunt_orc_garden, grunt_orc_garden, grunt_orc_garden, basic_altar,
          serial_shops, nicolae_shop_bloodbath_and_beyond, uniq_urug,
          uniq_erolcha
Elf:1:    layout_geoelf_octagon, minivault_28
Elf:2:    nicolae_elf_blades_splatter_lattice
          [nicolae_blade_entry_sentries_behind_glass], layout_geoelf_octagon,
          serial_shops, shop
Elf:3:    elf_hall, layout_loops_cross, serial_shops, shop
Vaults:1: grunt_vaults_hallway_long, vaults_mumra_chevron_long,
          nicolae_vaults_network_barrier, vaults_mumra_minichess,
          hangedman_vaults_maws, ontoclasm_vaults_gateway, st_cells,
          nicolae_vaults_stairing_the_circle, vaults_mumra_lcd,
          dpeg_vaults_monster_box, grunt_vaults_twisty, layout_vaults_omnibox,
          serial_shops, nicolae_shop_advertising_works
          [nicolae_subvault_shop_adworks]
Vaults:2: nicolae_vaults_theta, nicolae_vaults_bisected_exclaves,
          vaults_room_fancy_cross, v_misc_16, st_star, vaults_mumra_hexcomb,
          v_misc_30, nicolae_vaults_rhombus_7, vaults_dpeg_hooks,
          layout_vaults_omnigrid, minmay_crypt_entry_nasty_monster,
          serial_shops, shop_fountains
Vaults:3: gammafunk_ghost_spectres, v_misc_29, v_pattern_3, st_quartered_hall,
          v_misc_25, v_misc_25, nicolae_vaults_yaktaur_gun_rack,
          hangedman_vaults_corner_blocks, ontoclasm_vaults_shuriken,
          vaults_mumra_hex, layout_vaults_chaotic_city
Vaults:4: v_misc_15, ontoclasm_vaults_loading_screen, v_pattern_4,
          vaults_standard_mumra_enter_the_diamond,
          nicolae_vaults_ninety_degrees, nicolae_vaults_twisting_passages,
          dpeg_vaults_waves, vaults_room_pool, v_rooms_1, v_alt_pattern_3,
          hangedman_vaults_cutoff, ontoclasm_vaults_bender,
          ontoclasm_vaults_claustrophobia, grunt_vaults_bifocal,
          vaults_room_door_ring, nicolae_vaults_diagonal_hallway_8,
          layout_vaults_maze, uniq_boris
Depths:1: layout_forbidden_donut, nicolae_hell_entry_hellmouth_sunbeams,
          grunt_pan_entry_in_and_out, chequers_serial_rivers_micro_a,
          nrook_kobold_shadow_demons, minmay_shop_grove
Depths:2: dreamdust_under_siege, layout_long_grid, hell_entry, abyss_entry,
          rand_demon_pan_entry_5, patterned_corridor, minmay_shop_star,
          uniq_mara
Depths:3: minmay_distorted_concentric_squares, layout_cave_shapes,
          enter_ziggurat_f, hell_entry, minmay_room_of_horrors,
          minmay_door_square, biasface_ghost_demon_polymorph,
          infiniplex_staircase_split_hallway
Depths:4: grunt_twist_and_shout, layout_long_grid, hell_entry, serial_shops,
          shop, nicolae_vehumet_altar_sigil
Zot:1:    lemuel_draconian_sentries_small, layout_misc_corridors
Zot:2:    layout_cathedral_of_symmetry, uniq_tiamat, uniq_josephina
Zot:3:    layout_twisted_circle, grunt_megastairs_2, uniq_parghit
Zot:4:    layout_basic, gammafunk_ghost_crypt, grunt_megastairs_1
Zot:5:    layout_misc_corridors

Skill      XL: |  1  2  3  4  5  6  7  8  9 10 11 12 13 14 15 16 17 18 19 20 21 22 23 24 25 |
---------------+----------------------------------------------------------------------------+-----
Stealth        | 1 2 3 |  3.0
Unarmed Combat | 4 5 7 9 10 11 13 14 15 16 18 20 21 22 | 22.0
Throwing       | 3 6 8 12 13 14 16 17 18 20 | 20.8
Fighting       | 3 6 9 10 11 13 14 15 16 18 | 18.7
Armour         | 4 6 9 10 11 12 | 12.3
Evocations     | 3 4 9 11 | 11.0
Shields        | 3 11 13 15 | 15.0
Transmutations | 4 7 8 10 | 10.0
Dodging        | 5 7 |  7.0
Spellcasting   | 1 3 4 |  4.0
Earth Magic    | 4 10 | 10.0
Translocations | 2 4 |  4.0

Action                     |  1- 3 |  4- 6 |  7- 9 | 10-12 | 13-15 | 16-18 | 19-21 | 22-24 | 25-27 || total
---------------------------+-------+-------+-------+-------+-------+-------+-------+-------+-------++-------
  Melee: Unarmed           |    94 |   152 |   293 |   468 |   815 |   894 |   971 |  1310 |   377 ||  5374
         Punch             |     1 |     7 |     9 |    35 |    17 |       |       |       |       ||    69
         Peck              |       |     5 |    38 |    97 |   200 |       |       |       |       ||   340
         Quarterstaff      |       |       |       |     8 |       |       |       |       |       ||     8
         Whip              |       |       |       |       |    15 |       |       |       |       ||    15
         Kick              |       |       |       |       |   105 |   410 |   457 |   639 |   171 ||  1782
         Morningstar       |       |       |       |       |     2 |    47 |       |       |       ||    49
         Headbutt          |       |       |       |       |       |    46 |   248 |   401 |   122 ||   817
  Throw: Dart              |       |       |    19 |    13 |     6 |   176 |    21 |       |       ||   235
         Boomerang         |       |       |     7 |       |       |   130 |   190 |    99 |       ||   426
         Large rock        |       |       |     2 |    11 |    19 |     5 |       |   288 |    78 ||   403
         Javelin           |       |       |       |       |       |       |     5 |     7 |       ||    12
         Throwing net      |       |       |       |       |       |       |     1 |     5 |       ||     6
   Cast: Wereblood         |       |       |       |       |       |       |    22 |    49 |     9 ||    80
  Evoke: Piece from Xom's  |       |       |     1 |       |       |     2 |       |       |       ||     3
         Wand              |       |       |       |     3 |     3 |       |     4 |     7 |       ||    17
         Condenser vane    |       |       |       |       |     1 |     7 |     5 |     5 |     2 ||    20
         Phantom mirror    |       |       |       |       |       |       |     1 |     2 |     1 ||     4
         Tin of tremorston |       |       |       |       |       |       |       |     4 |     2 ||     6
    Use: Potion            |       |     9 |     2 |     1 |     3 |     7 |     4 |     7 |     1 ||    34
         Scroll            |       |     2 |     8 |     3 |    11 |     9 |     9 |     5 |     5 ||    52
   Stab: Sleeping          |     3 |       |       |     2 |     1 |       |     7 |     3 |     2 ||    18
         Invisible         |       |     1 |       |     1 |       |       |       |    10 |       ||    12
         Distracted        |       |       |     3 |       |     2 |       |     2 |     3 |       ||    10
         Petrified         |       |       |       |     8 |       |       |       |       |     2 ||    10
         Confused          |       |       |       |     1 |     3 |       |     3 |     7 |     2 ||    16
         Paralysed         |       |       |       |       |       |       |     1 |     2 |       ||     3
 Armour: Robe              |    32 |    84 |   158 |       |   184 |     1 |   316 |   252 |       ||  1027
         Skin              |       |    10 |     1 |       |       |       |       |     1 |       ||    12
         Steam dragon scal |       |       |    30 |    75 |       |       |       |       |       ||   105
         Troll leather arm |       |       |       |   147 |   210 |       |       |       |       ||   357
         Acid dragon scale |       |       |       |       |    32 |   109 |       |       |       ||   141
         Swamp dragon scal |       |       |       |       |       |   489 |       |   122 |    55 ||   666
         Gold dragon scale |       |       |       |       |       |       |       |       |    99 ||    99
  Dodge: Dodged            |    40 |    68 |   150 |   159 |   334 |   628 |   418 |   413 |   110 ||  2320
  Block: Kite shield       |       |       |       |       |       |       |   397 |   652 |   191 ||  1240

Table legend: (Time is in decaauts)
 A = Elapsed time spent in this place.
 B = Non-inter-level travel time spent in this place.
 C = Inter-level travel time spent in this place.
 D = Time resting spent in this place.
 E = Time spent auto-exploring this place.
 F = Levels seen in this place.
 G = Mean time per level.
                   A        B        C        D        E       F      G
               +--------+--------+--------+--------+--------+-----+--------+
         Total |  61411 |  53936 |   7475 |  10651 |  29226 |  55 | 1116.6 |
       Dungeon |  15674 |  12651 |   3023 |   1338 |   8512 |  15 | 1044.9 |
        Temple |      1 |      1 |      0 |      0 |      0 |   1 |    1.0 |
          Lair |   7209 |   5826 |   1383 |    555 |   3465 |   5 | 1441.8 |
         Swamp |   4487 |   4066 |    421 |   1095 |   1877 |   4 | 1121.8 |
   Spider Nest |   5118 |   4764 |    354 |   1213 |   2297 |   4 | 1279.5 |
    Slime Pits |   2529 |   2390 |    139 |    465 |   1013 |   5 |  505.8 |
  Orcish Mines |   1464 |   1087 |    377 |    166 |    606 |   2 |  732.0 |
   Elven Halls |   4819 |   4329 |    490 |   1490 |   1907 |   3 | 1606.3 |
        Vaults |   7484 |   7020 |    464 |   1557 |   3824 |   4 | 1871.0 |
        Depths |   5322 |   4850 |    472 |    726 |   2690 |   4 | 1330.5 |
           Zot |   6774 |   6425 |    349 |   1932 |   2968 |   5 | 1354.8 |
         Abyss |    275 |    275 |      0 |     11 |      0 |   2 |  137.5 |
         Sewer |    250 |    250 |      0 |    100 |     66 |   1 |  250.0 |
               +--------+--------+--------+--------+--------+-----+--------+

Top non-repeatable levels by time:
   Zot:3: 2358 daAuts
   Elf:3: 2162 daAuts
  Lair:3: 2129 daAuts
Vaults:1: 2050 daAuts
Vaults:2: 2042 daAuts
   Zot:2: 1871 daAuts
Vaults:4: 1754 daAuts
Depths:2: 1748 daAuts
    D:14: 1714 daAuts
Vaults:3: 1637 daAuts
   Elf:2: 1608 daAuts
Spider:4: 1572 daAuts
  Lair:1: 1448 daAuts
  Lair:5: 1437 daAuts
 Swamp:4: 1436 daAuts
